 Dungeon Crawl Stone Soup version 0.32-a0-468-g38b2580584 (webtiles) character file.

Game seed: 16092121307051985006

2118 shoop the Basher (level 9, -10/43 HPs)
             Began as a Vine Stalker Fighter on Feb 25, 2024.
             Was an Initiate of Beogh.
             Mangled by an orc warrior
             ... wielding a +0 mace
              (14 damage)
             ... on level 6 of the Dungeon.
             The game lasted 00:09:38 (5215 turns).

shoop the Basher (Vine Stalker Fighter)             Turns: 5215, Time: 00:09:39

Health: -10/43     AC: 13    Str: 20    XL:     9   Next: 29%
Magic:  0/10       EV:  9    Int: 10    God:    Beogh [......]
Gold:   358        SH:  5    Dex: 21    Spells: 8/8 levels left

rFire   . . .        d - +4 quarterstaff (chaos)
rCold   . . .        (shield currently unavailable)
rNeg    + . .        b - +0 scale mail
rPois   .            z - +2 helmet
rElec   .            q - +2 cloak
rCorr   .            D - +0 pair of gloves
SInv    .            (no boots)
Will    +....        m - amulet of reflection Stlth
                     t - ring of positive energy
HPRegen 1.07/turn    y - +6 ring of dexterity
MPRegen 0.12/turn

%: reflection, guardian spirit
@: no status effects
A: fangs 3, regeneration 1, magic shield, antimagic bite, no potion heal 2
a: Renounce Religion


You were on level 6 of the Dungeon.
You worshipped Beogh.
Beogh was noncommittal.
You visited 1 branch of the dungeon, and saw 7 of its levels.

You collected 358 gold pieces.

Inventory:

Hand Weapons
 a - a +0 flail
 d - a +4 quarterstaff of chaos (weapon)
 I - the +8 trident "Afagh" {venom, MP-9 Int+4}
   (You found it on level 6 of the Dungeon)

   Int+4:     It affects your intelligence (+4).
   MP-9:      It affects your magic capacity (-9).
Armour
 b - a +0 scale mail (worn)
 c - a +0 buckler
 q - a +2 cloak (worn)
 x - a +2 robe of fire resistance
 z - a +2 helmet (worn)
 D - a +0 pair of gloves (worn)
 L - a scarf of resistance
Jewellery
 m - an amulet of reflection (around neck)
 t - a ring of positive energy (left hand)
 u - a ring of fire
 y - a +6 ring of dexterity (right hand)
 C - a ring of flight
Wands
 F - a wand of polymorph (2)
 K - a wand of acid (7)
Scrolls
 e - 4 scrolls of teleportation
 f - 8 scrolls of identify {unknown}
 i - a scroll of immolation {unknown}
 k - 2 scrolls of noise {unknown}
 n - 3 scrolls of fog {unknown}
 o - 2 scrolls of amnesia {unknown}
 v - a scroll of revelation {unknown}
 A - a scroll of enchant weapon {unknown}
 H - 2 scrolls of vulnerability {unknown}
Potions
 g - 2 potions of attraction {unknown}
 h - 3 potions of heal wounds {unknown}
 j - 4 potions of curing {unknown}
 l - a potion of haste {unknown}
 p - a potion of cancellation {unknown}
 r - 2 potions of enlightenment {unknown}
 s - a potion of mutation {unknown}
 w - a potion of brilliance {unknown}
 B - a potion of magic {unknown}
 G - a potion of might
 J - a potion of berserk rage {unknown}


   Skills:
 - Level 2.6 Fighting
 + Level 10.6 Maces & Flails
 - Level 2.4 Armour
 - Level 2.6 Shields
 - Level 3.0 Evocations


You had 8 spell levels left.
You didn't know any spells.
Your spell library contained the following spells:

 Spells                   Type           Power      Damage    Failure   Level
 Call Imp                 Summ           0%         N/A       86%         2
 Sublimation of Blood     Necr           0%         N/A       86%         2
 Ozocubu's Armour         Ice            0%         N/A       97%         3
 Metabolic Englaciation   Hex/Ice        0%         N/A       100%        5
 Sculpt Simulacrum        Ice/Alch       0%         N/A       100%        6
 Summon Hydra             Summ           0%         N/A       100%        7


Dungeon Overview and Level Annotations

Branches:
Dungeon (7/15)             Temple (0/1) D:4

Altars:
Uskayaw

Shops:
D:6 *

Annotations:
D:5 5 runed translucent doors
D:6 3 runed translucent doors, 2 transporters, Joseph; PriceMaster's ghost, novice SpAl
D:7 Maurice


Innate Abilities, Weirdness & Mutations

You have razor-sharp teeth.
Your natural rate of healing is unusually fast.
When hurt, damage is shared between your health and your magic reserves.
Your bite disrupts and absorbs the magic of your enemies.
Potions cannot restore your health.


Message History

Partly explored, unvisited transporter.
Things that are here:
a killer bee corpse; a killer bee corpse The orc warrior shouts!
You hear a shout!
You hit the orc warrior. You freeze the orc warrior.
You bite the orc warrior, but do no damage.
The orc warrior is lightly wounded.
The orc warrior hits you but does no damage.
You barely miss the orc warrior.
The orc warrior is lightly wounded.
You closely miss the orc warrior. You bite the orc warrior.
You drain its power.
The orc warrior is lightly wounded.
You block the orc warrior's attack.
You hit the orc warrior but do no damage.
The orc warrior is lightly wounded.
The orc warrior hits you but does no damage.
You sock the orc warrior!
The orc warrior is moderately wounded.
You block the orc warrior's attack.
You hit the orc warrior.
The orc warrior flies into a frenzy!
You bite the orc warrior, but do no damage.
The orc warrior is heavily wounded.
The orc warrior hits you with a +0 mace!!
The orc warrior hits you with a +0 mace!
Aiming: Polymorph
Press: ? - help, Shift-Dir - straight line, f - orc warrior
Aim: an orc warrior, wielding a +0 mace and wearing a +0 chain mail (heavily wounded, fast, strong, frenzied and wild, will become a scorpion, a tengu, or a bullfrog, chance to affect: 56%)
The orc warrior resists with significant effort.
Joseph unwields a +0 quarterstaff.
Joseph wields a +0 sling.
Joseph shoots a sling bullet.
The sling bullet closely misses the orc warrior.
The sling bullet hits you.
* * * LOW HITPOINT WARNING * * *
The orc warrior hits you with a +0 mace!
* * * LOW HITPOINT WARNING * * *
The orc warrior attacks as it pursues you!
The orc warrior hits you with a +0 mace!
You die...
Beogh appreciates the orc warrior's killing of a heretic priest.

####........##.#
#.##.##.
###.##...##.###.##.##.
#.##..<##...........
#.##.........#......
#.###@.####.###.####
#.# #......## ##....
#†# #...###.###.####
#.###........#......
#..@o...####..######
######......# #.## #
#...........# #.# #
#.##.[......## #.# #
#.##.........# #.# #
#...........## #.# ###
#.####...#.## #.# #..
#.# #...#.# #.# #.#
#.# ##.##.# #.# #.#


You could see a neutral orc warrior (fast, strong, frenzied).

Vanquished Creatures
  Eustachio (D:5)
  Edmund (D:4)
  A water moccasin (D:6)
  A sky beast (D:6)
  2 ice beasts (D:7)
  An orc warrior (D:7)
  An ogre (D:5)
  A centaur (D:6)
  2 phantoms (D:5)
  3 scorpions
  3 killer bees
  3 jellies (D:6)
  2 bombardier beetles (D:6)
  Crazy Yiuf (D:2)
  3 hounds
  2 sleepcaps
  Ijyb (D:5)
  Natasha (twice) (D:2)
  4 orc wizards
  An iguana (D:4)
  Robin (D:4)
  3 gnolls (D:5)
  6 adders
  5 dart slugs
  2 ribbon worms (D:3)
  18 orcs
  5 bats
  5 endoplasms
  4 giant cockroaches
  11 goblins
  8 hobgoblins
  12 jackals
  A quokka (D:5)
  7 ball pythons
  6 frilled lizards
  5 kobolds
  6 rats
141 creatures vanquished.

Notes
Turn   | Place    | Note
-------+----------+-------------------------------------------
     0 | D:1      | shoop the Vine Stalker Fighter began the quest for the Orb.
     0 | D:1      | Reached XP level 1. HP: 11/11 MP: 2/2
    52 | D:1      | Reached skill level 2 in Maces & Flails
   151 | D:1      | Reached XP level 2. HP: 16/16 MP: 3/3
   245 | D:1      | Reached skill level 3 in Maces & Flails
   415 | D:1      | Reached XP level 3. HP: 18/19 MP: 4/4
   639 | D:2      | Noticed Natasha
   662 | D:2      | Killed Natasha
   663 | D:2      | Reached XP level 4. HP: 23/23 MP: 5/5
  1096 | D:2      | Reached skill level 4 in Maces & Flails
  1149 | D:2      | Found a runed translucent door.
  1150 | D:2      | Noticed Crazy Yiuf
  1379 | D:2      | Noticed Natasha
  1386 | D:2      | Killed Natasha
  1624 | D:2      | Killed Crazy Yiuf
  1625 | D:2      | Reached XP level 5. HP: 6/27 MP: 0/6
  1756 | D:3      | Found a hide-covered altar of Uskayaw.
  2312 | D:4      | Reached skill level 5 in Maces & Flails
  2361 | D:4      | Noticed Edmund
  2373 | D:4      | Killed Edmund
  2374 | D:4      | Reached skill level 6 in Maces & Flails
  2374 | D:4      | Reached XP level 6. HP: 9/32 MP: 7/7
  2415 | D:4      | Found a staircase to the Ecumenical Temple.
  2485 | D:4      | Noticed Robin
  2510 | D:4      | Killed Robin
  2691 | D:4      | Reached XP level 7. HP: 35/35 MP: 8/8
  2737 | D:4      | Reached skill level 7 in Maces & Flails
  2922 | D:5      | Entered Level 5 of the Dungeon
  2927 | D:5      | Noticed Eustachio
  2938 | D:5      | Killed Eustachio
  3072 | D:5      | Reached skill level 8 in Maces & Flails
  3268 | D:5      | Gained mutation: You have razor-sharp teeth. [Vine Stalker
                  | growth]
  3268 | D:5      | Reached XP level 8. HP: 39/39 MP: 7/9
  3484 | D:5      | Noticed Ijyb
  3489 | D:5      | Killed Ijyb
  3503 | D:5      | Found the +9 staff of Olgreb {rPois∞}
  3523 | D:5      | Found a runed translucent gate.
  3523 | D:5      | Found a runed translucent gate.
  3524 | D:5      | Found a runed translucent door.
  3538 | D:5      | Found a runed translucent gate.
  3540 | D:5      | Found a runed translucent door.
  3945 | D:6      | Reached skill level 9 in Maces & Flails
  3959 | D:6      | Reached skill level 1 in Evocations
  3995 | D:5      | Became a worshipper of Beogh the Shepherd
  4154 | D:6      | Found Coreneisav's General Store.
  4169 | D:6      | Identified the +8 trident "Afagh" {venom, MP-9 Int+4}
  4398 | D:6      | Noticed a rust devil
  4429 | D:6      | Found a runed translucent gate.
  4429 | D:6      | Found a runed translucent gate.
  4430 | D:6      | Found a runed translucent gate.
  4430 | D:6      | Noticed a rust devil
  4582 | D:6      | Found a transporter.
  4583 | D:6      | Noticed PriceMaster's ghost (novice SpAl)
  4584 | D:6      | Found a transporter.
  4587 | D:6      | Identified the +3 dire flail of Qolu {vamp, rPois rF+
                  | Dex+3}
  4587 | D:6      | Identified the +6 dire flail of the Key {vamp, rPois}
  4587 | D:6      | Noticed a two-headed ogre
  4653 | D:6      | Reached XP level 9. HP: 34/43 MP: 10/10
  4740 | D:7      | Noticed Joseph
  4782 | D:7      | Reached skill level 10 in Maces & Flails
  5117 | D:7      | Noticed Maurice
  5120 | D:7      | Something stole a ring of positive energy
  5215 | D:6      | Mangled by an orc warrior

Illustrated notes

Levels and vault maps discovered:
D:1:      dpeg_arrival_long_road, layout_rooms
D:2:      layout_basic, uniq_crazy_yiuf_cottage, uniq_natasha
D:3:      kennysheep_six_static_rooms, layout_basic,
          nicolae_overflow_crystal_walls
D:4:      layout_basic, temple_statues, serial_glass, glass_columns_b,
          glass_columns_a, grunt_ministairs_1, minivault_1, uniq_robin,
          uniq_edmund
D:5:      layout_basic, corexii_shack, chequers_serial_rivers_small_b,
          minmay_guarded_unrand_staff_of_olgreb, uniq_ijyb, uniq_eustachio
D:6:      cheibrodos_iron_armory, layout_loops_ring, gammafunk_ghost_smash,
          serial_shops, shop
D:7:      layout_basic, uniq_maurice, uniq_joseph, uniq_maggie

Skill      XL: |  1  2  3  4  5  6  7  8  9 |
---------------+----------------------------+-----
Maces & Flails | 2 3 4 6 8 9 10 | 10.6
Evocations     | 3 |  3.0
Fighting       | |  2.6
Armour         | |  2.4
Shields        | |  2.6

Action                     |  1- 3 |  4- 6 |  7- 9 || total
---------------------------+-------+-------+-------++-------
  Melee: Flail             |    96 |    38 |       ||   134
         Bite              |    17 |    28 |    50 ||    95
         Quarterstaff      |       |    88 |   180 ||   268
 Invoke: Convert to Beogh  |       |       |     1 ||     1
  Evoke: Wand              |       |       |     1 ||     1
    Use: Scroll            |     1 |       |       ||     1
         Potion            |       |     1 |       ||     1
 Armour: Scale mail        |    68 |    85 |   116 ||   269
  Dodge: Dodged            |    55 |    44 |    65 ||   164
  Block: Buckler           |    20 |    14 |       ||    34
         Other             |       |    17 |    40 ||    57
         Reflection        |       |     2 |     1 ||     3

Table legend: (Time is in decaauts)
 A = Elapsed time spent in this place.
 B = Non-inter-level travel time spent in this place.
 C = Inter-level travel time spent in this place.
 D = Time resting spent in this place.
 E = Time spent auto-exploring this place.
 F = Levels seen in this place.
 G = Mean time per level.
                   A        B        C        D        E       F      G
               +--------+--------+--------+--------+--------+-----+--------+
         Total |   5262 |   5114 |    148 |    111 |   3970 |   7 |  751.7 |
       Dungeon |   5262 |   5114 |    148 |    111 |   3970 |   7 |  751.7 |
               +--------+--------+--------+--------+--------+-----+--------+

Top non-repeatable levels by time:
     D:2: 1096 daAuts
     D:5: 1060 daAuts
     D:6: 921 daAuts
     D:1: 633 daAuts
     D:4: 632 daAuts
     D:3: 609 daAuts
     D:7: 309 daAuts
